 Dungeon Crawl Stone Soup version 0.22-a0-181-gb22368a (webtiles) character file.

127 Amnesiac the Changer (level 5, 0/35 HPs)
             Began as an Octopode Transmuter on Feb 14, 2018.
             Slain by a giant cockroach (1 damage)
             ... on level 3 of the Dungeon.
             The game lasted 00:02:27 (2199 turns).

Amnesiac the Changer (Octopode Transmuter)          Turns: 2199, Time: 00:02:28

Health: 0/35       AC:  1    Str:  6    XL:     5   Next: 11%
Magic:  3/8        EV: 14    Int: 16    God:
Gold:   38         SH:  0    Dex: 13    Spells: 2/8 levels left

rFire    . . .     SeeInvis .     - Unarmed
rCold    . . .     Gourm    .   (no shield)
rNeg     . . .     Faith    .   (helmet restricted)
rPois    .         Spirit   .   (no amulet)
rElec    .         Reflect  .   m - -3 ring of strength (curse)
rCorr    .         Harm     .   (no ring)
MR       .....                  (no ring)
Stlth    ++........             (no ring)
HPRegen  0.11/turn              (no ring)
MPRegen  0.11/turn              (no ring)
                                (no ring)
                                (no ring)

@: no status effects
A: almost no armour, stealthy swim, amphibious, 8 rings, constrict 8, camouflage
1, gelatinous body 1
a: no special abilities


You were on level 3 of the Dungeon.
You were very hungry.

You visited 1 branch of the dungeon, and saw 3 of its levels.

You collected 38 gold pieces.

Inventory:

Missiles
 a - 30 arrows
 j - 27 poisoned needles
Armour
 p - a +0 buckler
Jewellery
 m - a cursed -3 ring of strength (left tentacle)
Scrolls
 d - a scroll of teleportation {!r, unknown}
 i - 2 scrolls of identify {!r}
 k - a scroll of immolation {!r, unknown}
 o - a scroll of remove curse {!r, unknown}
Potions
 e - a potion of flight {!q, unknown}
 f - 2 potions of lignification {!q, unknown}
 g - 2 potions of might {!q, unknown}
 h - a potion of curing {!q, unknown}
 l - 2 potions of cancellation {!q}
 n - 2 potions of magic {!q}
Books
 b - a book of Changes

   Spells                             Type                      Level
   a - Beastly Appendage              Transmutation                1
   b - Sticks to Snakes               Transmutation                2
   c - Spider Form                    Transmutation/Poison         3
   d - Ice Form                       Ice/Transmutation            4
   e - Blade Hands                    Transmutation                5
Comestibles
 c - 5 rations


   Skills:
 + Level 2.4 Fighting
 + Level 2.4 Dodging
 * Level 3.5 Unarmed Combat
 + Level 2.2 Spellcasting
 * Level 3.5 Transmutations


You had 2 spell levels left.
You knew the following spells:

 Your Spells              Type           Power        Failure   Level  Hunger
a - Beastly Appendage     Tmut           ##....       4%          1    #......
b - Spider Form           Tmut/Pois      #.........   28%         3    ###....
c - Sticks to Snakes      Tmut           ##......     7%          2    ###....


Dungeon Overview and Level Annotations

Branches:
Dungeon (3/15)

Altars:


Innate Abilities, Weirdness & Mutations

You cannot wear most types of armour.
You are very stealthy in the water. (Stealth+)
You are amphibious.
You can wear up to eight rings at the same time.
You can use your tentacles to constrict eight enemies at once.
Your skin changes colour to match your surroundings (Stealth+).
Your rubbery body absorbs attacks. (AC +1, EV +1)


Message History

Found a scroll labeled HAREAM MAIGRI and a scratched golden ring.
A giant cockroach comes into view.
There are monsters nearby!
A gnoll comes into view. It is wielding a halberd.
There are monsters nearby!
The gnoll shouts!
You hear a shout!
There are monsters nearby!
A gnoll comes into view. It is wielding a flail.
The giant cockroach barely misses you.
The gnoll throws a throwing net.
The throwing net hits you.
You become entangled in the net!
You see here a throwing net.
You struggle against the net.
You are feeling very hungry.
The giant cockroach bites you. The giant cockroach closely misses you.
A gnoll comes into view. It is wielding a spear.
You struggle against the net.
The giant cockroach bites you but does no damage.
A leopard gecko comes into view.
You struggle against the net.
The gnoll shouts!
The giant cockroach bites you but does no damage.
The gnoll hits you from afar with a halberd!
You rip the net and break free!
The giant cockroach misses you. The giant cockroach closely misses you.
Found 13 gold pieces.
The bullfrog hits you. The bullfrog misses you. The bullfrog hits you.
The bullfrog misses you. The bullfrog hits you!
* * * LOW HITPOINT WARNING * * *
The bullfrog closely misses you.
Cast which spell? (? or * to list)
You miscast Spider Form.
You are very lightly contaminated with residual magic.
Nothing appears to happen.
The bullfrog misses you.
Unknown command.
Casting: Spider Form (safe; 28% risk of failure)
Confirm with . or Enter, or press ? or * to list all spells.
You miscast Spider Form.
You feel mildly nauseous. The bullfrog hits you.
* * * LOW HITPOINT WARNING * * *
The giant cockroach misses you. The bullfrog closely misses you.
Unknown command.
Unknown command.
Casting: Spider Form (safe; 28% risk of failure)
Confirm with . or Enter, or press ? or * to list all spells.
You don't have enough magic to cast that spell.
Unknown command.
The bullfrog completely misses you.
Found a pair of gloves.
The bullfrog hits you!
* * * LOW HITPOINT WARNING * * *
The giant cockroach misses you. The bullfrog misses you.
Really read
i - 3 scrolls labeled IMPO LOTETO {!r}?
As you read the scroll labeled IMPO LOTETO {!r}, it crumbles to dust.
It is a scroll of identify.
n - 2 potions of magic {!q} The giant cockroach closely misses you.
The giant cockroach bites you.
* * * LOW HITPOINT WARNING * * *
Really quaff
l - 3 purple potions {!q}?
It was a potion of cancellation {!q}.
You feel magically purged.
Your magical contamination has completely faded away.
The giant cockroach bites you.
You die...

#.......... ##..........#.....
#### ...........#...... ....
.................# ....
.................# ...#
................. ...#
#l#...=.......... #############
#@#..............
......#.....####s#....g.........
.............##gF#..?.g.......[.
...............g###............#
...............## ##..........#
..............## ######....###
..............#####......##..#
............)...ggg....).# .#
...........................# .$


You could see a bullfrog, 2 gnolls, a leopard gecko and a giant cockroach.

Vanquished Creatures
  A jelly (D:2)
  3 adders (D:2)
  An ooze (D:2)
  A worm (D:2)
  3 dart slugs
  2 leopard geckos
  9 bats
  A giant cockroach (D:2)
  10 goblins
  3 hobgoblins
  3 jackals (D:2)
  A quokka (D:2)
  A ball python (D:2)
  7 frilled lizards (D:1)
  9 kobolds
  4 rats
59 creatures vanquished.

Notes
Turn   | Place    | Note
-------+----------+-------------------------------------------
     0 | D:1      | Amnesiac the Octopode Transmuter began the quest for the Orb.
     0 | D:1      | Reached XP level 1. HP: 13/13 MP: 3/3
   103 | D:1      | Reached XP level 2. HP: 13/18 MP: 5/5
   108 | D:1      | Learned a level 2 spell: Sticks to Snakes
   197 | D:1      | Reached XP level 3. HP: 8/24 MP: 6/6
   358 | D:1      | Learned a level 3 spell: Spider Form
   939 | D:2      | Reached XP level 4. HP: 17/29 MP: 7/7
  1465 | D:2      | Reached XP level 5. HP: 15/35 MP: 8/8
  2194 | D:3      | HP: 1/35 [bullfrog (8)]
  2199 | D:3      | Slain by a giant cockroach

Vault maps used:
D:1:      lemuel_arrival_funnel, minmay_lizard_pond
D:3:      nicolae_overflow_hidden_temple, minmay_cut_off,
          uniq_crazy_yiuf_cottage, uniq_natasha

Skill      XL: |  1  2  3 |
---------------+----------+-----
Transmutations | 3 |  3.5
Fighting       | 2 |  2.4
Dodging        | |  2.4
Unarmed Combat | |  3.5
Spellcasting   | |  2.2

Action                   |  1- 3 |  4- 6 || total
-------------------------+-------+-------++-------
Melee: Unarmed           |    90 |    60 ||   150
       Constrict         |    25 |    12 ||    37
       Tentacles         |    16 |     9 ||    25
       Punch             |     3 |     1 ||     4
  Use: Scroll            |       |     1 ||     1
       Potion            |       |     1 ||     1
 Stab: Sleeping          |     2 |     4 ||     6
  Eat: Chunk             |       |     3 ||     3
Armor: Skin              |    11 |     3 ||    14
Dodge: Dodged            |    50 |    53 ||   103

Table legend:
 A = Spawn XP
 B = Non-spawn XP
 C = Spawn XP percentage of total XP
 D = Spawn monster count
 E = Non-spawn monster count
 F = Spawn count percentage of total count
 G = Total turns spent on level
                    A         B        C        D         E        F      G
               +---------+---------+-------+---------+---------+-------+---------
         Total |       0 |     182 |   0.0 |       0 |      59 |   0.0 |  2199
               +---------+---------+-------+---------+---------+-------+---------
           D:1 |       0 |      48 |   0.0 |       0 |      30 |   0.0 |   652
           D:2 |       0 |     129 |   0.0 |       0 |      27 |   0.0 |  1449
           D:3 |       0 |       5 |   0.0 |       0 |       2 |   0.0 |    98
               +---------+---------+-------+---------+---------+-------+---------
